 Dungeon Crawl Stone Soup version 0.20.0-15-g7f486f2 (webtiles) character file.

858 vishdafish the Chopper (level 8, 0/42 HPs)
             Began as a Vine Stalker Fighter on June 25, 2017.
             Splashed by a jelly's acid (8 damage)
             ... on level 5 of the Dungeon.
             The game lasted 00:06:52 (3632 turns).

vishdafish the Chopper (Vine Stalker Fighter)       Turns: 3632, Time: 00:06:56

Health: 0/42       AC: -7    Str: 22    XL:     8   Next: 2%
Magic:  0/9        EV:  6    Int:  8    God:
Gold:   87         SH: 10    Dex: 13    Spells: 7/7 levels left

rFire    . . .     SeeInvis .   a - +0 war axe
rCold    . . .     Gourm    .   c - +0 shield
rNeg     + . .     Faith    .   y - +2 chain mail {MR+}
rPois    .         Spirit   +   (no helmet)
rElec    .         Reflect  .   (no cloak)
rCorr    .         Harm     .   (no gloves)
MR       ++...     Rnd*Tele +   l - +0 pair of boots
Stlth    ..........             s - amulet of regeneration
Regen    1.0/turn               g - ring of teleportation (curse)
MPRegen  0.2/turn               t - ring of positive energy

@: corroded
A: fangs 3, regeneration 1, magic shield, antimagic bite, no potion heal 3, rot
immunity
a: no special abilities


You were on level 5 of the Dungeon.
You were not hungry.

You visited 1 branch of the dungeon, and saw 5 of its levels.

You collected 184 gold pieces.
You spent 97 gold pieces at shops.

Inventory:

Hand Weapons
 a - a +0 war axe (weapon)
Armour
 c - a +0 shield (worn)
 l - a +0 pair of boots (worn)
 y - a +2 chain mail of magic resistance (worn)
Jewellery
 g - a cursed ring of teleportation (left hand)
 s - an amulet of regeneration (around neck)
 t - a ring of positive energy (right hand)
Wands
 r - a wand of acid (3/15)
 v - a wand of flame (19/48)
 w - a wand of confusion (20/48)
 z - a wand of paralysis (15/24)
Scrolls
 b - a scroll of amnesia {unknown}
 d - a scroll of fear {unknown}
 e - a scroll of noise {unknown}
 h - 5 scrolls of teleportation {unknown}
 i - a scroll of immolation {unknown}
 j - 2 scrolls of remove curse {unknown}
 m - 3 scrolls of blinking
 o - a scroll of enchant armour {unknown}
 p - 5 scrolls of identify {unknown}
 B - a scroll of enchant weapon {unknown}
Potions
 q - 4 potions of curing
 u - a potion of flight {unknown}
 x - 2 potions of lignification {unknown}
 C - a potion of invisibility {unknown}
 D - a potion of degeneration {unknown}
Books
 E - a book of Maledictions

   Spells                             Type                      Level
   a - Corona                         Hexes                        1
   b - Ensorcelled Hibernation        Hexes/Ice                    2
   c - Confuse                        Hexes                        3
   d - Tukima's Dance                 Hexes                        3
   e - Dazzling Spray                 Conjuration/Hexes            3
Comestibles
 f - a bread ration
 k - a royal jelly
 n - 3 meat rations
 A - 2 fruits


   Skills:
 + Level 3.9 Fighting
 + Level 5.0 Axes
 + Level 3.9 Armour
 + Level 1.6 Dodging
 + Level 0.3 Stealth
 + Level 4.6 Shields
 + Level 0.3 Evocations


You had 7 spell levels left.
You didn't know any spells.

Dungeon Overview and Level Annotations

Branches:
Dungeon (5/15)
 Temple: D:4-7

Altars:
Ashenzari
Elyvilon
Nemelex Xobeh
The Shining One

Shops:
D:4 ?


Innate Abilities, Weirdness & Mutations

You have razor-sharp teeth.
Your natural rate of healing is unusually fast.
When hurt, damage is shared between your health and your magic reserves.
Your bite disrupts and absorbs the magic of your enemies.
Potions cannot restore your health.
You are immune to rotting.


Message History

You are too injured to fight recklessly!
You are too injured to fight recklessly!
You are too injured to fight recklessly!
You are too injured to fight recklessly!
You are too injured to fight recklessly!
You are too injured to fight recklessly!
You are too injured to fight recklessly!
You are too injured to fight recklessly!
You have no ailments to cure.
You hit the jelly but do no damage.
Your hands burn!
* * * LOW HITPOINT WARNING * * *
The jelly is heavily wounded.
The jelly barely misses you.
You hit the jelly but do no damage. The acid corrodes you!
Your hands burn!
* * * LOW HITPOINT WARNING * * *
The jelly is heavily wounded.
The jelly hits you.
* * * LOW HITPOINT WARNING * * *
You are splashed with acid!
The acid burns!
You die...

..### #. ....# #.
#.##.#.# #. #.#....#
##.## #......#
######...# #......#
#......... #...J..#
#(# #....
##.#.@..#####.####....
+...................).
##.(...<....#.##.#...#
###..#####.#.##.##..#
#..### #.#.##.###.#
#..>.###..........#
##.#..##..###.###.#
#.##.##..# #.# #..
#..._....# #.###..


You could see a jelly.

Vanquished Creatures
  The ghost of darquill the Grave Robber, an amateur HuNe (D:5)
  An ice beast (D:5)
  2 ogres
  2 crimson imps (D:5)
  2 orc priests
  Natasha (thrice) (D:4)
  Terence (D:3)
  7 gnolls (D:4)
  4 adders
  4 worms
  2 dart slugs
  4 orcs
  8 bats
  3 giant cockroaches
  11 hobgoblins
  4 jackals (D:3)
  13 kobolds
  2 quokkas
  7 frilled lizards
  3 goblins
  12 rats
96 creatures vanquished.

Notes
Turn   | Place    | Note
-------+----------+-------------------------------------------
     0 | D:1      | vishdafish the Vine Stalker Fighter began the quest for the Orb.
     0 | D:1      | Reached XP level 1. HP: 11/11 MP: 2/2
   289 | D:1      | Reached XP level 2. HP: 16/16 MP: 3/3
   477 | D:1      | Reached skill level 2 in Axes
   701 | D:1      | Reached XP level 3. HP: 14/19 MP: 4/4
  1189 | D:2      | Gained mutation: Your natural rate of healing is unusually fast. [Vine Stalker growth]
  1189 | D:2      | Reached XP level 4. HP: 23/23 MP: 5/5
  1370 | D:3      | Noticed Terence
  1376 | D:3      | Killed Terence
  1426 | D:3      | Reached skill level 1 in Dodging
  1633 | D:3      | Reached XP level 5. HP: 27/28 MP: 6/6
  1811 | D:3      | Reached skill level 3 in Axes
  1931 | D:3      | Found a glowing golden altar of the Shining One.
  2066 | D:4      | Noticed Natasha
  2077 | D:4      | Killed Natasha
  2103 | D:4      | Found Exzim's Magic Scroll Shop.
  2114 | D:4      | Bought a scroll of blinking for 97 gold pieces
  2344 | D:4      | Reached XP level 6. HP: 31/32 MP: 7/7
  2497 | D:4      | Found a sparkling altar of Nemelex Xobeh.
  2504 | D:4      | Noticed Natasha
  2517 | D:4      | Killed Natasha
  2766 | D:4      | Found a white marble altar of Elyvilon.
  2781 | D:4      | Noticed Natasha
  2792 | D:4      | Killed Natasha
  3165 | D:5      | Entered Level 5 of the Dungeon
  3187 | D:5      | Noticed darquill's ghost (amateur HuNe)
  3202 | D:5      | Killed darquill's ghost
  3202 | D:5      | Reached skill level 4 in Axes
  3202 | D:5      | Reached XP level 7. HP: 37/37 MP: 8/8
  3584 | D:5      | Reached skill level 5 in Axes
  3584 | D:5      | Gained mutation: You have razor-sharp teeth. [Vine Stalker growth]
  3584 | D:5      | Reached XP level 8. HP: 42/42 MP: 9/9
  3614 | D:5      | Found a shattered altar of Ashenzari.
  3632 | D:5      | Splashed by a jelly's acid

Skill      XL: |  1  2  3  4  5  6  7 |
---------------+----------------------+-----
Axes           | 2 3 4 5 |  5.0
Shields        | 3 4 |  4.6
Armour         | 3 |  3.9
Fighting       | 3 |  3.9
Dodging        | 1 |  1.6
Stealth        | |  0.3
Evocations     | |  0.3

Action                   |  1- 3 |  4- 6 |  7- 9 || total
-------------------------+-------+-------+-------++-------
Melee: War axe           |   114 |   156 |    64 ||   334
       Bite              |    30 |    38 |    15 ||    83
Evoke: Wand              |       |     1 |       ||     1
  Use: Potion            |       |     2 |       ||     2
  Eat: Bread ration      |     1 |     1 |       ||     2
       Fruit             |       |     2 |       ||     2
       Chunk             |       |     1 |       ||     1
Armor: Scale mail        |    57 |    28 |       ||    85
       Chain mail        |       |    44 |    35 ||    79
Dodge: Dodged            |    42 |    45 |    12 ||    99
Block: Shield            |    65 |    95 |    29 ||   189
